Map: Ulrena

Players

BridgeTroll

  • Race: Protoss Protoss
  • League: Platinum

LilDicky - Winner!

  • Race: Terran Terran
  • League: Diamond

VOD

http://www.twitch.tv/tumescentpie

Description

Time

  • Played on: Nov. 24, 2015, 3:54 p.m.
  • Length: 6:21
Show
View Real Time Build Order
Export as new Build Order

BridgeTroll Protoss 

Build Orders: Blink Stalkers 

Get SALT Encoding   

  12  0:01  Probe (Chrono Boost)  
  13  0:11  Probe (Chrono Boost)  
  14  0:18  Pylon  
  14  0:22  Probe (Chrono Boost)  
  15  0:38  Probe (Chrono Boost)  
  15  0:39  Gateway  
  16  0:45  Assimilator  
  16  0:48  Probe (Chrono Boost)  
  17  0:59  Probe (Chrono Boost)  
  17  1:00  Assimilator  
  18  1:10  Probe (Chrono Boost)  
  19  1:20  Probe (Chrono Boost)  
  20  1:27  Gateway  
  20  1:31  Cybernetics Core, Probe (Chrono Boost)  
  21  1:41  Probe (Chrono Boost)  
  22  1:50  Pylon  
  22  1:54  Gateway  
  22  1:58  Probe (Chrono Boost)  
  23  2:07  Pylon  
  25  2:20  Twilight Council, Warp Gate (Chrono Boost)  
  22  2:27  Sentry  
  24  2:34  Stalker  
  26  2:42  Stalker  
  28  2:48  Pylon  
  28  3:09  Stalker  
  28  3:10  Stalker  
  32  3:22  Blink (Chrono Boost)  
  32  3:27  Stalker  
  31  4:23  Nexus  
  31  4:26  Probe  
  31  4:30  Stalker x3  
  38  4:38  Probe  
  32  4:59  Stalker x2  
  36  5:06  Forge  
  34  5:37  Probe  
  33  5:58  Photon Cannon  
  33  6:01  Probe  
Show
View Real Time Build Order
Export as new Build Order

LilDicky Terran - Winner!

Build Orders: MMM Bio 

Get SALT Encoding   

  12  0:01  SCV  
  13  0:13  SCV  
  14  0:18  Supply Depot  
  14  0:25  SCV  
  15  0:35  Refinery  
  15  0:39  SCV  
  16  0:47  Barracks  
  16  0:51  SCV  
  17  1:03  SCV  
  18  1:16  SCV  
  19  1:28  SCV  
  20  1:38  Marine  
  21  1:41  Orbital Command  
  21  1:42  Supply Depot  
  21  1:45  Factory  
  21  1:56  Marine  
  22  2:06  SCV  
  23  2:11  Barracks  
  23  2:13  Barracks  
  23  2:22  Barracks Reactor  
  23  2:25  SCV  
  23  2:27  Refinery  
  24  2:37  SCV  
  24  2:40  Supply Depot  
  25  2:49  SCV  
  26  2:58  Widow Mine  
  26  3:00  Barracks Tech Lab  
  26  3:01  SCV, Barracks Tech Lab  
  26  3:04  Marine x2  
  30  3:09  Bunker  
  30  3:14  SCV  
  31  3:22  Marine x2  
  33  3:38  Combat Shields  
  33  3:39  Stimpack, Marauder x2  
  33  3:40  Marine x2  
  39  3:46  Supply Depot  
  39  4:08  SCV, Marauder x2, Marine x2  
  46  4:10  Supply Depot  
  46  4:21  SCV, Starport  
  47  4:31  Marine x3  
  47  4:34  SCV  
  47  4:36  Marauder  
  53  4:42  Supply Depot  
  53  4:49  Marine x2  
  53  4:50  Marauder  
  53  5:01  Hellion  
  57  5:07  Marine x2, Marauder  
  57  5:09  Medivac  
  57  5:10  SCV  
  62  5:22  SCV  
  63  5:31  Marauder x2, Marine x2  
  67  5:38  SCV  
  68  5:50  SCV  
  68  5:51  Medivac  
Tags
 
Add a new tag
Caveats
  • Supply blocks, unpowered buildings, or Contaminate may cause inaccurate times.
  • Supply counts are checked every 10 seconds.